 Dungeon Crawl Stone Soup version 0.29-a0-275-g389c0b56f3 (webtiles) character file.

Game seed: 7324303259587733171

4 Hubjo the Sneak (level 1, -2/13 HPs)
             Began as a Vampire Enchanter on Mar 9, 2022.
             Was a Believer of Uskayaw.
             Slain by a jackal (3 damage)
             ... on level 1 of the Dungeon on Mar 10, 2022.
             The game lasted 00:00:48 (79 turns).

Hubjo the Sneak (Vampire Enchanter)                   Turns: 79, Time: 00:00:48

Health: -2/13      AC:  2    Str:  7    XL:     1   Next: 50%
Magic:  3/3        EV: 12    Int: 17    God:    Uskayaw [**....]
Gold:   0          SH:  0    Dex: 14    Spells: 4/4 levels left

rFire   . . .      SeeInvis +   a - +1 dagger
rCold   . . .      Faith    .   (no shield)
rNeg    . . .      Spirit   .   b - +0 robe
rPois   .          Reflect  .   (no helmet)
rElec   .          Harm     .   (no cloak)
rCorr   .          Rampage  .   (no gloves)
Will    .....                   (no boots)
Stlth   +++.......              (no amulet)
HPRegen 0.24/turn               (no ring)
MPRegen 0.08/turn               (no ring)

@: healing quickly
A: alive, fangs 3, see invisible, vampiric 1
a: Exsanguinate, Renounce Religion, Stomp, Line Pass


You were on level 1 of the Dungeon.
You worshipped Uskayaw.
Uskayaw was noncommittal.
You visited 1 branch of the dungeon, and saw 1 of its levels.

Inventory:

Hand Weapons
 a - a +1 dagger (weapon)
Armour
 b - a +0 robe (worn)
Jewellery
 d - a +4 ring of evasion
Potions
 c - 2 potions of invisibility


   Skills:
 * Level 0.3 Fighting
 + Level 1.1 Short Blades
 + Level 2.2 Dodging
 * Level 4.5 Stealth
 - Level 2.0 Spellcasting
 + Level 4.4 Hexes


You had 4 spell levels left.
You didn't know any spells.
Your spell library contained the following spells:

 Spells                   Type           Power      Damage    Failure   Level
 Confusing Touch          Hex            16%        N/A       10%         3
 Tukima's Dance           Hex            16%        N/A       10%         3
 Ensorcelled Hibernation  Hex/Ice        18%        N/A       12%         2
 Dazzling Flash           Conj/Hex       18%        N/A       24%         3


Dungeon Overview and Level Annotations

Branches:
Dungeon (1/15)

Altars:
Uskayaw


Innate Abilities, Weirdness & Mutations

Your natural rate of healing is accelerated.
You have razor-sharp teeth.
You have supernaturally acute eyesight. (SInv)
You are afflicted with vampirism.


Message History

A jackal is nearby!
A jackal is nearby! 2 jackals come into view.
The jackal barks! x3; You hear a bark!
You hit the jackal.
The jackal is severely wounded.
The jackal bites you but does no damage.
You hit the jackal.
You kill the jackal!
A jackal comes into view.
The jackal misses you.
You closely miss the jackal. The jackal bites you.
The jackal barely misses you.
The jackal bites you but does no damage.
You hit the jackal.
The jackal is moderately wounded.
The jackal bites you. x2; The jackal barely misses you.
You hit the jackal.
The jackal is heavily wounded.
The jackal closely misses you. The jackal bites you.
The jackal bites you but does no damage.
The jackal misses you.
You can now pass through a line of other dancers.
You closely miss the jackal.
The jackal is heavily wounded.
The jackal barely misses you. The jackal bites you. x2
* * * LOW HITPOINT WARNING * * *
The jackal bites you.
* * * LOW HITPOINT WARNING * * *
You are too injured to fight recklessly!
You are too injured to fight recklessly!
You are too injured to fight recklessly!
You are too injured to fight recklessly!
You are too injured to fight recklessly!
You are too injured to fight recklessly!
You are too injured to fight recklessly!
The jackal attacks as you move away! The jackal bites you.
* * * LOW HITPOINT WARNING * * *
The jackal barely misses you. The jackal bites you.
You die...

.............# ########
.......#.....# #...≈≈≈≈
####.#.....#####.......
#.##....##.8#....≈≈.
######..#..#.....'.......
........#..##....'.......
.......$.........'.......
.......h.#.##.#.8#(...≈§.
......hh@...#....#.......
........##..####.#...≈≈≈≈
###.##### ..# #.########
#. #.# #.. # ## ###


You could see 3 jackals.

Vanquished Creatures
  A bat (D:1)
  A giant cockroach (D:1)
  A jackal (D:1)
3 creatures vanquished.

Notes
Turn   | Place    | Note
-------+----------+-------------------------------------------
     0 | D:1      | Hubjo the Vampire Enchanter began the quest for the Orb.
     0 | D:1      | Reached XP level 1. HP: 13/13 MP: 3/3
    34 | D:1      | Noticed a shining eye
    35 | D:1      | Found a faded altar of an unknown god.
    46 | D:1      | Noticed a great orb of eyes
    46 | D:1      | Noticed a golden eye
    46 | D:1      | Noticed a golden eye
    52 | D:1      | Prayed at the altar of an unknown god.
    52 | D:1      | Became a worshipper of Uskayaw the Reveller
    52 | D:1      | Reached * piety under Uskayaw
    76 | D:1      | Reached ** piety under Uskayaw
    79 | D:1      | Slain by a jackal

Illustrated notes

Levels and vault maps discovered:
D:1:      scummos_arrival_gate, layout_rooms,
          hellmonk_ecumenical_altar_watching_god, minmay_small_reverse_x

Action                   || total
-------------------------++-------
Melee: Dagger            ||    14
       Bite              ||     2
Armor: Robe              ||     6
Dodge: Dodged            ||    13

Table legend: (Time is in decaauts)
 A = Elapsed time spent in this place.
 B = Non-inter-level travel time spent in this place.
 C = Inter-level travel time spent in this place.
 D = Time resting spent in this place.
 E = Time spent auto-exploring this place.
 F = Levels seen in this place.
 G = Mean time per level.
                   A        B        C        D        E       F      G
               +--------+--------+--------+--------+--------+-----+--------+
         Total |     77 |     77 |      0 |      0 |     48 |   1 |   77.0 |
       Dungeon |     77 |     77 |      0 |      0 |     48 |   1 |   77.0 |
               +--------+--------+--------+--------+--------+-----+--------+

Top non-repeatable levels by time:
     D:1: 77 daAuts
